 Dungeon Crawl Stone Soup version 0.30-a0-465-g8901f6c8b5 (webtiles) character file.

Game seed: 13020113634195457409

16 kurumiz the Poker (level 2, -2/27 HPs)
             Began as a Minotaur Berserker on Dec 19, 2022.
             Was a Follower of Trog.
             Slain by a kobold
             ... wielding a +0 short sword
              (3 damage)
             ... on level 1 of the Dungeon.
             The game lasted 00:00:18 (142 turns).

kurumiz the Poker (Minotaur Berserker)               Turns: 142, Time: 00:00:19

Health: -2/27      AC:  2    Str: 21    XL:     2   Next: 41%
Magic:  1/1        EV: 12    Int:  4    God:    Trog [*.....]
Gold:   0          SH:  0    Dex:  9    Spells: 1/1 levels left

rFire   . . .      SeeInvis .    a - +0 spear
rCold   . . .      Faith    .    (no shield)
rNeg    . . .      Spirit   .    b - +0 animal skin
rPois   .          Reflect  .    (helmet restricted)
rElec   .          Harm     .    (no cloak)
rCorr   .          Rampage  .    (no gloves)
Will    .....                    (no boots)
Stlth   +.........               (no amulet)
HPRegen 0.24/turn                (no ring)
MPRegen 0.07/turn                (no ring)

@: on berserk cooldown, slowed, very slow
A: horns 2, retaliatory headbutt
a: Renounce Religion, Berserk


You were on level 1 of the Dungeon.
You worshipped Trog.
Trog was aware of your devotion.
You visited 1 branch of the dungeon, and saw 1 of its levels.

Inventory:

Hand Weapons
 a - a +0 spear (weapon)
Armour
 b - a +0 animal skin (worn)


   Skills:
 + Level 4.0 Fighting
 + Level 4.1 Polearms
 + Level 2.5 Armour
 + Level 2.3 Dodging


You had one spell level left.
You didn't know any spells.
Your spell library was empty.

Dungeon Overview and Level Annotations

Branches:
Dungeon (1/15)

Altars:


Innate Abilities, Weirdness & Mutations

You have a pair of horns on your head.
You reflexively headbutt those who attack you in melee.


Message History

You puncture the rat!
You kill the rat!
Trog accepts your kill.
A kobold comes into view. It is wielding a +0 whip.
The goblin hits you with a +0 dagger.
* * * LOW HITPOINT WARNING * * *
The hobgoblin hits you.
* * * LOW HITPOINT WARNING * * *
You puncture the hobgoblin!
You kill the hobgoblin!
Trog accepts your kill. The goblin closely misses you.
You barely miss the goblin. You completely miss the goblin.
You headbutt the goblin.
You kill the goblin!
Trog accepts your kill. The hobgoblin completely misses you.
You furiously retaliate!
You headbutt the hobgoblin!
You kill the hobgoblin!
Trog accepts your kill.
You closely miss the kobold. You barely miss the kobold.
The kobold throws a stone.
The stone barely misses you. The kobold completely misses you.
You barely miss the kobold. Your headbutt misses the kobold.
You closely miss the kobold. Your headbutt misses the kobold.
The kobold misses you.
You are no longer berserk.
You are exhausted.
You feel yourself slow down.
The kobold hits you with a +0 short sword.
* * * LOW HITPOINT WARNING * * *
You see here a +0 dagger.
You hit the kobold.
The kobold is heavily wounded.
The kobold misses you.
You barely miss the kobold.
The kobold is heavily wounded.
The kobold throws a stone.
The stone hits you but does no damage.
The kobold hits you with a +0 short sword.
You die...

#.# ##.## #.#
##.## #.#
##.#
##########.##
##.##
........##..#
##.##
........###.#
##.##
........###.#
##.##
........##..#
###.##
........##@##
#..##
#...?#K.#
#.##.##
#..).†K## #.
##.##
......)..## #
##.##
..8...8..#
##.##
#...#....#
##.# ##.
##...# ##.##
#. .....
##.## .
..8.## ##.##


You could see 2 kobolds.

Vanquished Creatures
  An endoplasm (D:1)
  A goblin (D:1)
  3 hobgoblins (D:1)
  4 jackals (D:1)
  3 kobolds (D:1)
  A rat (D:1)
13 creatures vanquished.

Notes
Turn   | Place    | Note
-------+----------+-------------------------------------------
     0 | D:1      | kurumiz the Minotaur Berserker began the quest for the Orb.
     0 | D:1      | Reached XP level 1. HP: 19/19 MP: 0/0
   126 | D:1      | Reached XP level 2. HP: 7/27 MP: 1/1
   140 | D:1      | HP: 1/27 [kobold/+0 short sword (3)]
   142 | D:1      | Slain by a kobold

Illustrated notes

Levels and vault maps discovered:
D:1:      nagdon_arrival_zigzag_paths, layout_basic, minmay_statues_item,
          minmay_misc_feat_four_crosses, minmay_tree_intersection

Skill      XL: |  1  2 |
---------------+-------+-----
Fighting       | 4 |  4.0
Polearms       | 4 |  4.1
Armour         | |  2.5
Dodging        | |  2.3

Action                   || total
-------------------------++-------
Melee: Spear             ||    27
       Headbutt          ||     1
Invok: Berserk           ||     1
Armor: Animal skin       ||     3
Dodge: Dodged            ||    21

Table legend: (Time is in decaauts)
 A = Elapsed time spent in this place.
 B = Non-inter-level travel time spent in this place.
 C = Inter-level travel time spent in this place.
 D = Time resting spent in this place.
 E = Time spent auto-exploring this place.
 F = Levels seen in this place.
 G = Mean time per level.
                   A        B        C        D        E       F      G
               +--------+--------+--------+--------+--------+-----+--------+
         Total |    135 |    135 |      0 |      0 |     98 |   1 |  135.0 |
       Dungeon |    135 |    135 |      0 |      0 |     98 |   1 |  135.0 |
               +--------+--------+--------+--------+--------+-----+--------+

Top non-repeatable levels by time:
     D:1: 135 daAuts
